 Dungeon Crawl Stone Soup version 0.18-a0-1805-g8ab820f (webtiles) character file.

12190 varam the Fighter (level 11, 0/104 HPs)
             Began as a Minotaur Fighter on Apr 26, 2016.
             Was a High Priest of Okawaru.
             Slain by an unseen horror (8 damage)
             ... on level 10 of the Dungeon.
             The game lasted 00:58:59 (14623 turns).

varam the Fighter (Minotaur Fighter)               Turns: 14623, Time: 00:59:00

Health: 0/104      AC: 19    Str: 32    XL:     11   Next: 59%
Magic:  10/10      EV: 12    Int:  5    God:    Okawaru [*****.]
Gold:   358        SH: 10    Dex: 10    Spells: 0 memorised, 10 levels left

rFire  + . .     SeeInvis .     T - +7 war axe of Dividends {freeze, *Confuse rPois rF++ Str+2}
rCold  + + .     Gourm    .     n - +1 ice dragon armour
rNeg   . . .     Faith    .     c - +0 shield
rPois  +         Spirit   .     (helmet restricted)
rElec  .         Dismiss  .     F - +0 cloak
rCorr  .         Reflect  .     g - +2 pair of gloves {Str+3}
SustAt .         Harm     +     (no boots)
MR     .....                    J - amulet of harm
Stlth  ..........               (no ring)
                                K - +3 ring of strength

@: not resistant to hostile enchantments, extremely unstealthy
A: retaliatory headbutt, horns 2
a: Heroism, Finesse, Renounce Religion


You were on level 10 of the Dungeon.
You worshipped Okawaru.
Okawaru was extremely pleased with you.
You were not hungry.

You visited 2 branches of the dungeon, and saw 12 of its levels.
You also visited: Labyrinth.

You collected 577 gold pieces.
You spent 219 gold pieces at shops.

Inventory:

Hand Weapons
 f - the +3 flail of the Living Dead {freeze, *Rage Int+9}
   (You found it on level 5 of the Dungeon)

   It has been specially enchanted to freeze those struck by it, causing extra
   injury to most foes and up to half again as much damage against particularly
   susceptible opponents.
   It can also slow down cold-blooded creatures.
   It affects your intelligence (+9).
   It may make you go berserk in combat.
 s - the +5 flail of Xaehogaw {antimagic, *Corrode rPois rC++ Dex+2}
   (You found it on level 4 of the Dungeon)

   It disrupts the flow of magical energy around spellcasters and certain
   magical creatures (including the wielder).
   It affects your dexterity (+2).
   It greatly protects you from cold.
   It protects you from poison.
   It may corrode you when you take damage.
 y - a +1 whip of electrocution
 N - the +12 Glaive of Prune {chop}
   (You took it off a minotaur in a labyrinth)

   It inflicts extra damage upon your enemies.
 T - the +7 war axe of Dividends (weapon) {freeze, *Confuse rPois rF++ Str+2}
   (You found it in a labyrinth)

   It has been specially enchanted to freeze those struck by it, causing extra
   injury to most foes and up to half again as much damage against particularly
   susceptible opponents.
   It can also slow down cold-blooded creatures.
   It affects your strength (+2).
   It greatly protects you from fire.
   It protects you from poison.
   It may confuse you when you take damage.
 U - the +12 long sword of Eternal Harmony {pain, MR+ Dex+5}
   (You found it in a labyrinth)

   In the hands of one skilled in necromantic magic, it inflicts extra damage on
   living creatures.
   It affects your dexterity (+5).
   It affects your resistance to hostile enchantments.
Missiles
 O - 2 throwing nets (quivered)
Armour
 b - a +0 scale mail
 c - a +0 shield (worn)
 g - a +2 pair of gloves of strength (worn)
 n - a +1 ice dragon armour (worn)
 B - a +0 ring mail
 F - a +0 cloak (worn)
 X - a +1 plate armour of positive energy
Jewellery
 E - a cursed ring of teleportation {unknown}
 J - an amulet of harm (around neck)
 K - a +3 ring of strength (left hand)
Wands
 i - a wand of lightning (1/15)
 t - a wand of digging (16/24)
 w - a wand of iceblast (6/15)
 I - a wand of acid (5/15)
 M - a wand of paralysis (17/24)
 P - a wand of iceblast (6/15)
 Q - a wand of polymorph (8/24)
Scrolls
 h - a scroll of fog
 l - 2 scrolls of immolation
 o - 3 scrolls of blinking
 p - 3 scrolls of recharging
 q - a scroll of fear {unknown}
 r - 2 scrolls of teleportation
 u - 5 scrolls of remove curse
 v - 2 scrolls of amnesia
 A - a scroll of random uselessness
Potions
 d - 3 potions of might
 e - 7 potions of curing {unknown}
 k - a potion of invisibility
 m - a potion of haste {unknown}
 x - 4 potions of degeneration {unknown}
 z - a potion of heal wounds
 C - a potion of magic {unknown}
 D - a potion of lignification {unknown}
 R - a potion of mutation {unknown}
 S - a potion of brilliance {unknown}
Books
 H - a book of Misfortune

   Spells                             Type                      Level
   a - Confusing Touch                Hexes                        2
   b - Confuse                        Hexes                        3
   c - Gell's Gravitas                Hexes/Translocation          3
   d - Petrify                        Transmutation/Earth          4
   e - Metabolic Englaciation         Hexes/Ice                    5
   f - Yara's Violent Unravelling     Hexes/Transmutation          5
Miscellaneous
 V - a sack of spiders
Comestibles
 j - a bread ration
 G - 3 beef jerkies
 L - 15 fruits


   Skills:
 + Level 12.3 Fighting
 + Level 6.9(9.5) Axes
 + Level 10.1(10.9) Maces & Flails
 + Level 10.7 Armour
 + Level 9.4 Dodging
 - Level 3.6 Shields


You had 10 spell levels left.
You didn't know any spells.

Dungeon Overview and Level Annotations

Branches:
Dungeon (11/15)            Temple (1/1) D:4            Lair (0/8) D:11
    Orc: D:9-12

Altars:
Ashenzari
Cheibriados
Dithmenos
Elyvilon
Fedhas
Gozag
Kikubaaqudgha
Makhleb
Nemelex Xobeh
Okawaru
Pakellas
Qazlal
Ru
Sif Muna
Trog
Vehumet
Yredelemnul
Zin
The Shining One

Shops:
D:4 *   D:8 [!%[

Annotations:
D:4 Sigmund


Innate Abilities, Weirdness & Mutations

You reflexively headbutt those who attack you in melee.
You have a pair of horns on your head.


Message History

Something barely misses you. You block something's attack.
Your shield prevents you from hitting something.
You headbutt something!! You block something's attack. Something hits you.
* * * LOW HITPOINT WARNING * * *
You barely miss something. Your headbutt misses something.
You block something's attack. Something hits you but does no damage.
You barely miss something. Something hits you.
* * * LOW HITPOINT WARNING * * *
Something hits you.
* * * LOW HITPOINT WARNING * * *
Something completely misses you.
You completely miss something. Something hits you.
* * * LOW HITPOINT WARNING * * *
Something hits you but does no damage.
You miss something. Your headbutt misses something.
Something hits you but does no damage. You block something's attack.
Something hits you but does no damage.
You hit something. You freeze something. You headbutt something.
Something hits you but does no damage. Something hits you!
You die...

...........#......# #....######
...........##....#######.#......#
≈≈≈≈≈≈≈≈≈.....##......##.#......#
≈≈≈≈≈≈≈≈≈.≈≈≈.####..#.##.#..#....
≈≈≈≈≈≈≈≈≈.≈≈≈.##.#..........#....
≈≈≈....≈≈)≈≈≈....########..###...
≈≈≈.≈≈.≈≈.≈≈≈≈##.# #...# #...
≈≈≈.≈≈.≈≈.≈≈≈≈##.#######).## ##..
....≈≈.≈≈.≈≈≈≈##@)).......# #..
≈≈≈≈≈≈.≈≈.≈≈≈≈######.#..(## ##.
≈≈.....≈≈.≈≈≈≈# #.#...# #.
≈≈.≈≈≈≈≈≈.≈≈≈≈######.#..## ##
...≈....≈.≈≈≈≈.......†..# #
.≈≈≈.≈≈.≈.≈≈≈≈....###††## #
..≈≈.≈≈.≈.≈≈≈≈....##...#
≈.≈≈.≈....≈.......##..##
≈..≈.≈≈≈≈.≈.≈≈#...##..#


There were no monsters in sight!

Vanquished Creatures
  A minotaur (Lab)
  An unseen horror (D:10)
  Pikel (D:5)
  2 manticores (D:10)
  An elephant (D:11)
  A centaur zombie (D:10)
  The ghost of Mefis the Magician, a novice DEWz of Sif Muna (D:7)
  A troll (D:10)
  A two-headed ogre (D:8)
  Grinder (D:6)
  A shadow (Lab)
  A wyvern (D:8)
  16 yaks
  3 basilisks
  A hungry ghost (D:8)
  2 water moccasins
  Duvessa (D:5)
  2 ice beasts
  3 orc warriors
  2 slaves (D:5)
  An eye of draining (D:8)
  4 sky beasts
  The ghost of ekha the Chopper, an amateur DDBe of Trog (D:3)
  A black bear (D:8)
  6 ogres
  3 phantoms
  4 centaurs
  A crocodile (D:11)
  A big kobold (D:7)
  Blork the orc (D:6)
  A giant frog (D:8)
  A gnoll sergeant (D:8)
  Dowan (D:5)
  A water moccasin zombie (D:5)
  6 scorpions
  4 electric eels (D:10)
  3 howler monkeys
  2 crimson imps
  2 giant frog zombies
  5 hounds
  3 jellies
  2 giant frog skeletons
  5 orc priests
  2 centaur skeletons
  5 iguanas
  A gnoll shaman (D:7)
  Natasha (D:4)
  2 orc wizards
  7 worker ants
  A sheep (D:11)
  16 gnolls
  14 adders
  6 shadow imps
  2 oozes
  An adder zombie (D:7)
  3 adder skeletons
  3 worms (D:2)
  2 dart slugs
  4 giant geckos
  29 orcs
  2 ball pythons
  2 bats (D:1)
  2 giant cockroaches
  5 goblins
  4 hobgoblins
  13 jackals
  4 quokkas
  4 giant newts
  12 kobolds
  3 rats
  A plant (D:5)
253 creatures vanquished.

Vanquished Creatures (others)
  7 fungi (D:5)
7 creatures vanquished.

Grand Total: 260 creatures vanquished

Notes
Turn   | Place    | Note
--------------------------------------------------------------
     0 | D:1      | varam the Minotaur Fighter began the quest for the Orb.
     0 | D:1      | Reached XP level 1. HP: 19/19 MP: 0/0
   148 | D:1      | Reached skill level 4 in Fighting
   166 | D:1      | Reached XP level 2. HP: 27/27 MP: 1/1
   618 | D:2      | Found a stormy altar of Qazlal.
   620 | D:2      | Noticed a fire elemental
   620 | D:2      | Noticed an earth elemental
   621 | D:2      | Noticed an air elemental
   621 | D:2      | Noticed a water elemental
  1043 | D:2      | Reached XP level 3. HP: 35/35 MP: 2/2
  1242 | D:2      | Reached skill level 5 in Fighting
  1852 | D:3      | Reached XP level 4. HP: 42/42 MP: 3/3
  1869 | D:3      | Found a sacrificial altar of Ru.
  1871 | D:3      | Found an ancient bone altar of Kikubaaqudgha.
  1877 | D:3      | Found a stormy altar of Qazlal.
  1881 | D:3      | Found a radiant altar of Vehumet.
  1883 | D:3      | Found a bloodstained altar of Trog.
  1883 | D:3      | Found a blossoming altar of Fedhas.
  1884 | D:3      | Found a snail-covered altar of Cheibriados.
  2245 | D:3      | Noticed ekha's ghost (amateur DDBe)
  2560 | D:4      | Reached XP level 5. HP: 47/50 MP: 4/4
  2570 | D:5      | Entered Level 5 of the Dungeon
  2578 | D:5      | Reached skill level 6 in Fighting
  3311 | D:4      | Reached skill level 5 in Axes
  3435 | D:4      | Reached XP level 6. HP: 44/58 MP: 5/5
  3698 | D:4      | Reached skill level 7 in Fighting
  3802 | D:4      | Got a steaming flail
  3803 | D:4      | Identified the +5 flail of Xaehogaw {antimagic, *Corrode rPois rC++ Dex+2} (You found it on level 4 of the Dungeon)
  3846 | D:4      | Noticed Sigmund
  4439 | D:3      | Killed ekha's ghost
  4439 | D:3      | Reached skill level 1 in Maces & Flails
  4439 | D:3      | Reached skill level 1 in Dodging
  4439 | D:3      | Reached XP level 7. HP: 44/66 MP: 2/6
  5584 | D:4      | Found a white marble altar of Elyvilon.
  5737 | D:4      | Noticed Natasha
  5748 | D:4      | Killed Natasha
  5807 | D:4      | Found a staircase to the Ecumenical Temple.
  5813 | Temple   | Entered the Ecumenical Temple
  5842 | Temple   | Became a worshipper of Warmaster Okawaru
  6164 | D:4      | Found an opulent altar of Gozag.
  6166 | D:4      | Found Gozag's Platinum Reserve.
  6532 | D:5      | Got a brightly glowing flail
  6533 | D:5      | Identified the +3 flail of the Living Dead {freeze, *Rage Int+9} (You found it on level 5 of the Dungeon)
  6835 | D:5      | Noticed Dowan
  6836 | D:5      | Noticed Duvessa
  6854 | D:5      | Killed Duvessa
  6865 | D:5      | Killed Dowan
  7298 | D:5      | Reached skill level 5 in Armour
  7399 | D:5      | Reached skill level 8 in Fighting
  7413 | D:5      | Reached XP level 8. HP: 68/74 MP: 2/7
  7562 | D:5      | Reached * piety under Okawaru
  7597 | D:5      | Noticed Pikel
  7615 | D:5      | Killed Pikel
  7615 | D:5      | Reached skill level 9 in Fighting
  7615 | D:5      | Reached skill level 5 in Maces & Flails
  7818 | D:5      | Found a blossoming altar of Fedhas.
  8005 | D:6      | Reached skill level 5 in Dodging
  8071 | D:6      | Reached XP level 9. HP: 83/83 MP: 5/8
  8624 | D:6      | Noticed Blork the orc
  8640 | D:6      | Killed Blork the orc
  8640 | D:6      | Reached ** piety under Okawaru
  8993 | D:6      | Found a shattered altar of Ashenzari.
  9131 | D:6      | Noticed Grinder
  9152 | D:6      | Paralysed by Grinder for 4 turns
  9167 | D:6      | Killed Grinder
  9788 | D:7      | Reached skill level 10 in Fighting
  9849 | D:7      | Noticed Mefis's ghost (novice DEWz)
  9865 | D:7      | Killed Mefis's ghost
 10184 | D:7      | Found a deep blue altar of Sif Muna.
 10370 | D:8      | Reached *** piety under Okawaru
 10620 | D:8      | Reached XP level 10. HP: 88/94 MP: 9/9
 10778 | D:8      | Found Dedani's Antique Armour Shop.
 10779 | D:8      | Found Asi Xacy's Food Emporium.
 10785 | D:8      | Bought a pair of glowing gloves for 139 gold pieces
 10792 | D:8      | Found Totagew's Armour Shoppe.
 10807 | D:8      | Found Rehaona's Distillery.
 10813 | D:8      | Bought a potion of heal wounds for 80 gold pieces
 10901 | D:8      | Found an oddly glowing altar of Pakellas.
 11228 | D:8      | Found a blossoming altar of Fedhas.
 11720 | D:9      | You fall through a shaft for 2 floors!
 11721 | D:11     | Found a staircase to the Lair.
 11722 | D:11     | Noticed an elephant
 11739 | D:11     | Reached skill level 11 in Fighting
 11753 | D:11     | Killed an elephant
 11753 | D:11     | Reached **** piety under Okawaru
 11753 | D:11     | Received a gift from Okawaru
 11936 | D:11     | Found a labyrinth entrance.
 11945 | Lab      | Entered a labyrinth
 13308 | Lab      | Noticed a minotaur
 13319 | Lab      | Killed a minotaur
 13319 | Lab      | Reached skill level 10 in Armour
 13319 | Lab      | Reached XP level 11. HP: 88/103 MP: 7/10
 13322 | Lab      | Got an ichor-stained war axe
 13322 | Lab      | Got a twisted long sword
 13323 | Lab      | Identified the +7 war axe of Dividends {freeze, *Confuse rPois rF++ Str+2} (You found it in a labyrinth)
 13324 | Lab      | Identified the +12 long sword of Eternal Harmony {pain, MR+ Dex+5} (You found it in a labyrinth)
 13368 | D:10     | Entered Level 10 of the Dungeon
 13390 | D:10     | Reached ***** piety under Okawaru
 13860 | D:10     | Reached skill level 12 in Fighting
 14330 | D:10     | Killed an unseen horror
 14588 | D:10     | HP: 3/104 [something (10)]
 14592 | D:10     | Reached skill level 10 in Maces & Flails
 14623 | D:10     | Slain by an unseen horror

Vault maps used:
D:1:      lightli_molten_gateway, serial_bayou_crossing
D:2:      first_bread, minmay_misc_feat_roman, nicolae_qazlal_style_of_elements
D:3:      grunt_temple_overflow_open
D:4:      kennysheep_mini, nicolae_gozag_zags_fifth_avenue,
          minmay_temple_entry_trees, nicolae_ossuary_entry_monument,
          uniq_natasha, uniq_sigmund
D:5:      fedhas_altar_3, uniq_duvessa, uniq_pikel
D:6:      kennysheep_little_box, uniq_grinder, uniq_blork_the_orc
D:7:      led_sif_book, roderic_lattice_a, hangedman_decor_clover_reticule
D:8:      grunt_pakellas_mercury, serial_shops, shop, shop,
          kennysheep_mini_moat, shop, hangedman_tree_tricks
D:10:     minmay_diamond_stairs
D:11:     david_lair_generic, lab_entry_generic, grunt_decor_one_mirror
Temple:   minmay_temple_bridge_a_8
Lab:      nicolae_lab_quarters

Skill      XL: |  1  2  3  4  5  6  7  8  9 10 11 |
---------------+----------------------------------+-----
Fighting       | 4 5 6 7 8 9 10 11 12 | 12.3
Axes           | 3 4 5 6 |  6.9
Maces & Flails | 1 3 5 7 9 10 | 10.1
Armour         | 4 5 6 8 10 | 10.7
Dodging        | 1 3 5 6 8 9 |  9.4
Shields        | |  3.6

Action                   |  1- 3 |  4- 6 |  7- 9 | 10-12 || total
-------------------------+-------+-------+-------+-------++-------
Melee: War axe           |    67 |    73 |       |    52 ||   192
       Headbutt          |    11 |    24 |    68 |    77 ||   180
       Flail             |       |    47 |   123 |       ||   170
       Whip              |       |       |   247 |   231 ||   478
       Long sword        |       |       |       |     8 ||     8
Invok: Heroism           |       |       |     8 |    10 ||    18
  Use: Scroll            |       |       |     3 |    10 ||    13
       Potion            |       |       |       |     3 ||     3
  Eat: Chunk             |     1 |     2 |    13 |     7 ||    23
       Beef jerky        |     1 |       |       |       ||     1
       Bread ration      |       |     1 |     1 |       ||     2
       Meat ration       |       |     1 |       |     2 ||     3
       Pizza             |       |       |     1 |       ||     1
Armor: Scale mail        |    28 |    26 |    37 |       ||    91
       Ring mail         |       |       |    21 |       ||    21
       Ice dragon armour |       |       |    24 |   195 ||   219
Dodge: Dodged            |    11 |    40 |    79 |    89 ||   219
Block: Shield            |    33 |    70 |   144 |   122 ||   369
